 Dungeon Crawl Stone Soup version 0.23.1 (webtiles) character file.

Game seed: 16359915022142610174

8698 peem the Carver (level 11, -25/97 HPs)
             Began as a Hill Orc Fighter on Mar 1, 2019.
             Was an Elder of Beogh.
             Blown up by a cacodemon (40 damage)
             ... with a bolt of energy
             ... on level 2 of the Abyss.
             The game lasted 00:29:34 (9864 turns).

peem the Carver (Hill Orc Fighter)                  Turns: 9864, Time: 00:29:34

Health: -25/97     AC: 17    Str: 25    XL:     11   Next: 34%
Magic:  15/15      EV:  9    Int:  8    God:    Beogh [****..]
Gold:   583        SH: 13    Dex: 10    Spells: 10/10 levels left

rFire    + + .     SeeInvis .   a - +1 long sword
rCold    x . .     Gourm    .   t - +1 shield {rPois}
rNeg     . . .     Faith    .   q - +1 storm dragon scales
rPois    +         Spirit   .   (no helmet)
rElec    +         Reflect  .   (no cloak)
rCorr    .         Harm     .   (no gloves)
MR       .....                  (no boots)
Stlth    ..........             k - amulet of rage
HPRegen  0.26/turn              e - ring of fire
MPRegen  0.14/turn              j - +2 ring of protection

@: about to teleport, slowed, very slow
A: fire resistance 1, strong 1
a: Smiting, Recall Orcish Followers, Renounce Religion, Evoke Berserk Rage


You were on level 2 of the Abyss.
You worshipped Beogh.
Beogh was greatly pleased with you.
You were not hungry.

You visited 1 branch of the dungeon, and saw 10 of its levels.
You visited the Abyss 1 time.
You also visited: Bailey.

You collected 583 gold pieces.

Inventory:

Hand Weapons
 a - a +1 long sword (weapon)
Armour
 b - a +0 scale mail
 c - a +0 shield
 q - +1 storm dragon scales (worn)
 t - a +1 shield of poison resistance (worn)
Jewellery
 e - a ring of fire (left hand)
 g - an uncursed ring of positive energy
 j - a +2 ring of protection (right hand)
 k - an amulet of rage (around neck)
 s - an uncursed amulet of harm
 x - an uncursed ring of ice
 y - an uncursed ring of ice
 D - an uncursed amulet of the acrobat
 J - an uncursed amulet of magic regeneration
Wands
 B - a wand of disintegration (31)
 F - a wand of digging (4)
 L - a wand of scattershot (4)
Scrolls
 h - 4 scrolls of teleportation
 m - 4 scrolls of remove curse
 p - a scroll of immolation
 u - 2 scrolls of magic mapping
 z - a scroll of amnesia
 G - a scroll of fear
 I - a scroll of fog
 K - a scroll of enchant weapon
 M - a scroll of brand weapon {unknown}
Potions
 d - 4 potions of might
 i - 4 potions of agility
 l - a potion of lignification
 n - 2 potions of haste
 o - 4 potions of brilliance
 v - a potion of flight
 w - a potion of ambrosia
 A - 3 potions of heal wounds
 C - 5 potions of mutation
 E - 6 potions of magic
 H - 2 potions of berserk rage
Comestibles
 f - 9 rations


   Skills:
 + Level 9.0 Fighting
 + Level 10.4 Long Blades
 + Level 9.3 Armour
 + Level 4.6 Dodging
 - Level 1.0 Stealth
 + Level 9.7 Shields
 + Level 5.6 Invocations
 + Level 4.0 Evocations


You had 10 spell levels left.
You didn't know any spells.
Your spell library contained the following spells:

 Spells                   Type           Power        Failure   Level  Hunger
 Animate Skeleton         Necr           N/A          99%         1    ##.....
 Confusing Touch          Hex            #.....       99%         1    ##.....
 Magic Dart               Conj           #...         99%         1    ##.....
 Pain                     Necr           #...         99%         1    ##.....
 Summon Small Mammal      Summ           #...         99%         1    ##.....
 Blink                    Tloc           N/A          100%        2    ###....
 Call Imp                 Summ           #.......     100%        2    ###....
 Slow                     Hex            #.......     100%        2    ###....
 Call Canine Familiar     Summ           #.......     100%        3    ####...
 Confuse                  Hex            #.......     100%        3    ####...
 Conjure Flame            Conj/Fire      #.......     100%        3    ####...
 Gell's Gravitas          Tloc           #.........   100%        3    ####...
 Mephitic Cloud           Conj/Pois/Air  #.......     100%        3    ####...
 Regeneration             Chrm/Necr      #.........   100%        3    ####...
 Summon Guardian Golem    Hex/Summ       #.......     100%        3    ####...
 Vampiric Draining        Necr           #.........   100%        3    ####...
 Animate Dead             Necr           N/A          100%        4    #####..
 Petrify                  Tmut/Erth      #.......     100%        4    #####..
 Summon Ice Beast         Ice/Summ       #.......     100%        4    #####..
 Summon Lightning Spire   Summ/Air       #.......     100%        4    #####..
 Metabolic Englaciation   Hex/Ice        #.........   100%        5    ######.
 Yara's Violent Unravell  Hex/Tmut       #.........   100%        5    ######.


Dungeon Overview and Level Annotations

Branches:
Dungeon (10/15)            Temple (0/1) D:6             Orc (0/2) D:10
   Lair: D:8-11

Altars:
Dithmenos
Elyvilon
Hepliaklqana
Nemelex Xobeh
Okawaru
Ru
Sif Muna
Trog
Uskayaw
Wu Jian
Xom
Zin
The Shining One

Shops:
D:6 !


Innate Abilities, Weirdness & Mutations

Your flesh is heat resistant. (rF+)
Your muscles are strong. (Str +2)


Message History

* * * LOW HITPOINT WARNING * * *
The sixfirhy hits you.
* * * LOW HITPOINT WARNING * * *
The sixfirhy shocks you. You resist.
* * * LOW HITPOINT WARNING * * *
Found a ration.
You see here a scroll of teleportation.
You block the sixfirhy's attack. x3
The sixfirhy hits you but does no damage.
The sixfirhy hits you.
* * * LOW HITPOINT WARNING * * *
The sixfirhy shocks you. You resist.
* * * LOW HITPOINT WARNING * * *
A cacodemon is nearby!
As you read the scroll of teleportation, it crumbles to dust.
You feel strangely unstable.
You feel the power of the Abyss delaying your translocation!
The cacodemon gestures at you. The bolt of energy hits you!!!
You die...

# . #§## .## ... ..
..#. ##.. ##. # #%.
#..##.#...... ....
..#.##$..#......##.#..
. #......#.
.#...........
#....##.......... #.#
#.@#3....# ...#.#.
#.#.2...#..##.## .. #
##.........##.. .#
....#..#.....#.....∩
...#.................
#.. ##....#...........
.. ##..........).... #
#........ .......
....###..........


You could see a cacodemon.

Vanquished Creatures
  A tengu conjurer (D:10)
  A troll (D:9)
  Grinder (D:4)
  A hippogriff (D:10)
  Eustachio (D:4)
  A sky beast (D:7)
  3 orc warriors (D:8)
  A phantom (D:4)
  A black bear (D:8)
  4 ogres
  An ice beast (D:8)
  A centaur (D:8)
  2 big kobolds
  6 bullfrogs
  A gnoll sergeant (D:5)
  2 scorpions
  A wyvern zombie (D:6)
  2 killer bees (D:10)
  3 electric eels (D:7)
  A crimson imp (D:8)
  2 bullfrog zombies
  4 orc priests
  4 hounds
  2 jellies
  10 orc wizards
  3 bullfrog skeletons
  An iguana (D:4)
  8 adders
  21 gnolls
  An adder zombie (D:5)
  An adder skeleton (D:6)
  6 worms
  5 dart slugs
  12 leopard geckos
  22 orcs
  5 ball pythons
  4 bats
  4 giant cockroaches
  6 goblins
  18 hobgoblins
  13 jackals
  41 kobolds
  2 quokkas
  9 frilled lizards
  A jackal skeleton (D:5)
  8 rats
248 creatures vanquished.

Vanquished Creatures (collateral kills)
  3 wizards (D:10)
  Maurice (D:8)
  A wyvern (D:10)
  Grum (D:8)
  An orc warrior (D:8)
  2 black bears
  A phantom (D:7)
  An ogre (D:9)
  3 wolves (D:8)
  A centaur (D:7)
  3 bullfrogs
  2 killer bees (D:10)
  4 howler monkeys (D:9)
  An orc wizard (D:8)
  An orc priest (D:9)
  2 hounds
  2 worker ants (D:9)
  6 orcs
  A jackal (D:10)
  2 kobolds
39 creatures vanquished.

Vanquished Creatures (others)
  A wizard (D:10)
  An orc warrior (D:10)
  5 orc priests
  A howler monkey (D:4)
  2 orc wizards
  A leopard gecko (D:7)
  20 orcs
  A quokka (D:10)
  A frilled lizard (D:4)
33 creatures vanquished.

Grand Total: 320 creatures vanquished

Notes
Turn   | Place    | Note
-------+----------+-------------------------------------------
     0 | D:1      | peem the Hill Orc Fighter began the quest for the Orb.
     0 | D:1      | Reached XP level 1. HP: 19/19 MP: 1/1
   116 | D:1      | Reached XP level 2. HP: 23/27 MP: 2/2
   497 | D:1      | Reached XP level 3. HP: 33/33 MP: 3/3
   708 | D:2      | Found a faded altar of an unknown god.
   746 | D:2      | Reached skill level 3 in Long Blades
   838 | D:2      | Reached XP level 4. HP: 40/40 MP: 4/4
  1591 | D:3      | Reached skill level 1 in Dodging
  1597 | D:3      | Reached XP level 5. HP: 46/46 MP: 5/5
  1898 | D:3      | Found a glowing silver altar of Zin.
  1898 | D:3      | Found a bloodstained altar of Trog.
  1899 | D:3      | Found a hide-covered altar of Uskayaw.
  2597 | D:4      | Noticed a phantom
  2628 | D:4      | Reached skill level 4 in Long Blades
  2628 | D:4      | Reached XP level 6. HP: 28/52 MP: 6/6
  2654 | D:4      | Killed a phantom
  2654 | D:4      | Reached skill level 5 in Shields
  2671 | D:4      | Noticed Grinder
  2679 | D:4      | Became a worshipper of Beogh the Brigand
  2696 | D:4      | Paralysed by Grinder for 2 turns
  2702 | D:4      | Reached XP level 7. HP: 8/60 MP: 7/7
  2721 | D:4      | Paralysed by Grinder for 5 turns
  2727 | D:4      | Killed Grinder
  2727 | D:4      | Reached skill level 5 in Long Blades
  2727 | D:4      | Reached skill level 5 in Armour
  2998 | D:4      | HP: 1/60 [ogre/+0 giant club (26)]
  3575 | D:4      | Reached XP level 8. HP: 67/67 MP: 8/8
  3578 | D:4      | Reached * piety under Beogh
  3593 | D:4      | Reached skill level 6 in Long Blades
  3872 | D:5      | Entered Level 5 of the Dungeon
  3874 | D:5      | Noticed Eustachio
  3952 | D:4      | Killed Eustachio
  4158 | D:5      | Reached skill level 5 in Fighting
  4629 | D:5      | Reached ** piety under Beogh
  4862 | D:5      | Reached skill level 7 in Long Blades
  5148 | D:5      | Found a sparkling altar of Nemelex Xobeh.
  5322 | D:6      | Found a staircase to the Ecumenical Temple.
  5345 | D:6      | Reached XP level 9. HP: 35/75 MP: 9/9
  5917 | D:6      | Found Kikul's Distillery.
  6081 | D:7      | Reached skill level 8 in Long Blades
  6191 | D:7      | Found a flagged portal.
  6205 | Bailey   | Entered a bailey
  6306 | Bailey   | Reached *** piety under Beogh
  6644 | Bailey   | Gained mutation: Your muscles are strong. (Str +2) [potion
                  | of mutation]
  6644 | Bailey   | Gained mutation: Your flesh is heat resistant. (rF+)
                  | [potion of mutation]
  6645 | Bailey   | Reached skill level 9 in Long Blades
  6645 | Bailey   | Reached skill level 5 in Invocations
  6645 | Bailey   | Reached XP level 10. HP: 71/88 MP: 9/14
  6883 | D:7      | Found a shadowy altar of Dithmenos.
  6887 | D:7      | Found a glowing golden altar of the Shining One.
  6887 | D:7      | Found a shimmering altar of Xom.
  6910 | D:7      | Found an ornate altar of the Wu Jian Council.
  6918 | D:7      | Found a sacrificial altar of Ru.
  7478 | D:8      | Gained Olfrun as an ally
  7553 | D:8      | Noticed Maurice
  7568 | D:8      | Your ally Olfrun died
  7692 | D:8      | Killed Maurice
  7702 | D:8      | Noticed Grum
  7747 | D:8      | Killed Grum
  7747 | D:8      | Reached **** piety under Beogh
  7747 | D:8      | Reached skill level 10 in Long Blades
  8151 | D:8      | Found a deep blue altar of Sif Muna.
  8151 | D:8      | Found an iron altar of Okawaru.
  8152 | D:8      | Found a white marble altar of Elyvilon.
  8156 | D:8      | Found a hazy altar of Hepliaklqana.
  8795 | D:9      | Reached XP level 11. HP: 67/95 MP: 15/15
  9123 | D:10     | Entered Level 10 of the Dungeon
  9327 | D:10     | Found a staircase to the Orcish Mines.
  9394 | D:10     | Noticed a wizard
  9412 | D:10     | Killed a wizard
  9682 | D:10     | Noticed a wizard
  9688 | D:10     | Paralysed by a wizard for 7 turns
  9693 | D:10     | Killed a wizard
  9693 | D:10     | Noticed a wizard
  9700 | D:10     | Killed a wizard
  9830 | D:10     | Noticed a wizard
  9836 | D:10     | Killed a wizard
  9836 | D:10     | Reached skill level 1 in Stealth
  9852 | D:10     | Noticed a wizard
  9853 | D:10     | Cast into level 2 of the Abyss (a wizard)
  9858 | Abyss:2  | Noticed a cacodemon
  9858 | Abyss:2  | Noticed a sixfirhy
  9864 | Abyss:2  | Blown up by a cacodemon

Skill      XL: |  1  2  3  4  5  6  7  8  9 10 11 |
---------------+----------------------------------+-----
Fighting       | 4 5 8 9 |  9.0
Long Blades    | 3 4 5 7 9 10 | 10.4
Shields        | 4 5 6 8 9 |  9.7
Dodging        | 1 2 4 |  4.6
Armour         | 4 5 6 8 9 |  9.3
Invocations    | 5 |  5.6
Evocations     | 4 |  4.0
Stealth        | 1 |  1.0

Action                   |  1- 3 |  4- 6 |  7- 9 | 10-12 || total
-------------------------+-------+-------+-------+-------++-------
Melee: Long sword        |   123 |   233 |   510 |   237 ||  1103
Invok: Convert to Beogh  |       |     1 |       |       ||     1
       Recall Orcish Fol |       |       |       |     1 ||     1
  Use: Scroll            |       |    12 |     6 |     8 ||    26
       Potion            |       |     1 |     5 |       ||     6
 Stab: Distracted        |       |       |       |     1 ||     1
       Confused          |       |       |       |     1 ||     1
  Eat: Chunk             |       |     6 |     8 |     2 ||    16
       Ration            |       |       |     2 |     3 ||     5
Armor: Scale mail        |    59 |    30 |       |       ||    89
       Storm dragon scal |       |    88 |   223 |   120 ||   431
       Skin              |       |       |       |     2 ||     2
Dodge: Dodged            |    45 |    52 |   114 |    58 ||   269
Block: Shield            |    67 |   113 |   358 |   141 ||   679
       Rpst.: Long sword |    16 |    16 |    34 |    19 ||    85
